 Dungeon Crawl Stone Soup version 0.27.1-35-g4d5d836560 (console) character file.

Game seed: 9534346871828398793

225 Faeu the Firebug (level 5, -5/41 HPs)
             Began as a Draconian Fire Elementalist on May 16, 2022.
             Engulfed by a cloud of flame (13 damage)
             ... on level 4 of the Dungeon.
             The game lasted 00:19:27 (3965 turns).

Faeu the Firebug (Draconian Fire Elementalist)      Turns: 3965, Time: 00:19:28

Health: -5/41      AC:  6    Str: 10    XL:     5   Next: 68%
Magic:  11/18      EV: 12    Int: 16    God:
Gold:   160        SH:  0    Dex: 12    Spells: 5/9 levels left

rFire    + . .     SeeInvis .   (no weapon)
rCold    x . .     Faith    .   (no shield)
rNeg     . . .     Spirit   .   (armour unavailable)
rPois    .         Reflect  .   (helmet restricted)
rElec    .         Harm     .   (no cloak)
rCorr    .         Rampage  .   k - +0 pair of gloves
Will     .....                  (no boots)
Stlth    ++........             (no amulet)
HPRegen  0.13/turn              p - ring of fire
MPRegen  0.16/turn              H - ring of magical power

@: no status effects
A: AC +5, unfitting armour, cold-blooded
a: no special abilities


You were on level 4 of the Dungeon.
You visited 1 branch of the dungeon, and saw 4 of its levels.

You collected 160 gold pieces.


Innate Abilities, Weirdness & Mutations

Your plain brown scales are hard. (AC +5)
You cannot fit into any form of body armour.
You are cold-blooded and may be slowed by cold attacks.


   Skills:
 + Level 2.1 Fighting
 - Level 2.5 Dodging
 - Level 1.7 Stealth
 - Level 2.7 Spellcasting
 + Level 3.1 Conjurations
 + Level 4.2 Fire Magic


You had 5 spell levels left.
You knew the following spells:

 Your Spells              Type           Power      Damage    Failure   Level
a - Foxfire               Conj/Fire      80%        2x1d8     4%          1
b - Conjure Flame         Conj/Fire      20%        6-21      13%         3

Your spell library contained the following spells:

 Spells                   Type           Power      Damage    Failure   Level
 Inner Flame              Hex/Fire       13%        N/A       24%         3
 Sticky Flame             Conj/Fire      20%        2d4       38%         4
 Fireball                 Conj/Fire      10%        3d6       75%         5

Inventory:

Hand Weapons
 d - a +0 club {mace}
   (You found it on level 1 of the Dungeon)
 g - a +0 hunting sling {sling}
   (You found it on level 1 of the Dungeon)
 h - a +0 dagger {short}
   (You took it off a goblin on level 1 of the Dungeon)
 i - a +0 whip {mace}
   (You found it on level 1 of the Dungeon)
 j - a +0 club {mace}
   (You took it off a goblin on level 1 of the Dungeon)
 l - a +0 hand axe {axe}
   (You found it on level 1 of the Dungeon)
 s - a +0 mace {mace}
   (You took it off an orc on level 2 of the Dungeon)
 t - a +0 club {mace}
   (You took it off an orc on level 2 of the Dungeon)
 u - a +0 flail {mace}
   (You took it off an orc on level 3 of the Dungeon)
 v - a +0 club {mace}
   (You took it off a goblin on level 3 of the Dungeon)
 w - a +0 hand axe {axe}
   (You took it off an orc on level 3 of the Dungeon)
 x - a +0 club {mace}
   (You took it off a kobold on level 3 of the Dungeon)
 y - a +0 club {mace}
   (You took it off a goblin on level 3 of the Dungeon)
 A - a +0 hand axe {axe}
   (You found it on level 3 of the Dungeon)
 B - a +0 dagger {short}
   (You took it off a goblin on level 3 of the Dungeon)
 D - a +0 quarterstaff {staff}
   (You found it on level 3 of the Dungeon)
 E - a +0 whip {mace}
   (You took it off a kobold on level 3 of the Dungeon)
 G - a +0 dagger {short}
   (You took it off a goblin on level 4 of the Dungeon)
 I - a +0 dagger {short}
   (You took it off a kobold on level 4 of the Dungeon)
 J - a +0 fustibalus {sling}
   (You took it off a kobold on level 4 of the Dungeon)
Missiles
 a - 34 stones {throwing}
 e - 20 arrows
 f - 3 javelins {throwing}
 F - 15 bolts
Armour
 k - a +0 pair of gloves (worn)
   (You found it on level 1 of the Dungeon)
Jewellery
 p - a ring of fire (left hand)
   (You found it on level 2 of the Dungeon)
 H - a ring of magical power (right hand)
   (You found it on level 4 of the Dungeon)
Scrolls
 b - a scroll of torment {unknown}
 c - 4 scrolls of identify {unknown}
 m - a scroll of teleportation {unknown}
 q - a scroll of immolation {unknown}
 r - a scroll of enchant weapon {unknown}
 z - a scroll of amnesia {unknown}
 C - a scroll of holy word {unknown}
Potions
 n - a potion of flight {unknown}
 o - a potion of mutation {unknown}

Dungeon Overview and Level Annotations

Branches:
Dungeon (4/15)
 Temple: D:4-7

Altars:
Beogh

Shops:
D:4

= ....# ....# ....# .....#
....# .....+ ....# #.....#
....###+#..... ###+##
##.........# #....#
#.........# #....#
#.........# #######....#
#.........# #[.........#
...####....#######..........#
...# #.........@...........#
... +<.......BO...........#
... #.....................#
.. #.....................#
#####.................#
#.......######....#
+.......#### #....#
#..........# #....#
#.......##.###....#
#.................#
#รท.....#.#.#.#....


You could see an ogre and a giant cockroach.


Message History

I - a +0 dagger {short};
J - a +0 fustibalus {sling} You see here a kobold corpse. ๐Ÿ˜ฎ HP[+1] MP[+1]
You now have 119 gold pieces (gained 10).
You now have 137 gold pieces (gained 18). ๐Ÿ˜ฎ MP[+1] ๐Ÿ˜ฎ HP[+1]
You now have 145 gold pieces (gained 8). ๐Ÿ˜ฎ MP[+1]
An adder skeleton comes into view. ๐Ÿ˜ฎ HP[+1] ๐Ÿ˜ฎ MP[+1]
Your mp is fully restored (18).
You are too injured to fight recklessly!
Casting: Foxfire (safe; 4% risk of failure)
Press: ? - help, Q - select action, (/) - cycle Dir - look around, f - activate You feel a surge of power!
You conjure some foxfire! ๐Ÿ˜ฎ MP[-1]
You lost 1 mp, and now have 17/18 mp.
The foxfire hits the adder skeleton.
Casting: Foxfire (safe; 4% risk of failure)
Press: ? - help, Q - select action, (/) - cycle Dir - look around, f - activate You feel a surge of power!
You conjure some foxfire!
The foxfire hits the adder skeleton. ๐Ÿ˜ฎ MP[-1]
You lost 1 mp, and now have 16/18 mp.
The foxfire hits the adder skeleton.
You destroy the adder skeleton! ๐Ÿ˜ฎ HP[+1] ๐Ÿ˜ฎ MP[+1]
You start resting.
Magic restored. ๐Ÿ˜ฎ HP[+1] MP[+1]
Your mp is fully restored (18).
You start resting.
HP restored. ๐Ÿ˜Ž HP[+14]
You see here a +0 pair of gloves.
Okay, then.
An adder comes into view.
You see here 15 gold pieces.
You feel a surge of power!
You conjure some foxfire! ๐Ÿ˜Ž MP[-1]
You lost 1 mp, and now have 17/18 mp.
The foxfire hits the adder. x2
You miss the adder. You tail-slap the adder.
You kill the adder! ๐Ÿ˜Ž MP[+1]
Your mp is fully restored (18).
You now have 160 gold pieces (gained 15).
An ogre comes into view. It is wielding a +0 giant spiked club.
The ogre shouts!
A giant cockroach comes into view.
Found Finiumari's Jewellery Emporium.
The ogre barely misses you.
You feel a surge of power!
You conjure some foxfire!
The ogre misses you. ๐Ÿ˜Ž MP[-1]
You lost 1 mp, and now have 17/18 mp.
The foxfire hits the ogre but does no damage. x2
You feel a surge of power!
You conjure some foxfire! ๐Ÿ˜Ž MP[-1]
You lost 1 mp, and now have 16/18 mp.
The foxfire hits the ogre. x2 ๐Ÿ˜Ž MP[+1]
You feel a surge of power!
You conjure some foxfire!
The ogre hits you with a +0 giant spiked club! ๐Ÿ˜ฎ HP[-11] MP[-1]
You take 11 damage, and now have 30/41 hp.
MASSIVE DAMAGE!! (PAUSE)
You lost 1 mp, and now have 16/18 mp.
The foxfire hits the ogre. x2
You barely miss the ogre. The ogre misses you. ๐Ÿ˜ฎ MP[+1]
You hit the ogre but do no damage.
The ogre hits you with a +0 giant spiked club!!
Ouch! That really hurt!
* * * LOW HITPOINT WARNING * * *
๐Ÿ˜ฑ HP[-22]
You take 22 damage, and now have 8/41 hp.
MASSIVE DAMAGE!! (PAUSE)
Okay, then.
You are too injured to fight recklessly!
You are too injured to fight recklessly!
There are monsters nearby!
Casting: Foxfire (safe; 4% risk of failure)
Confirm with . or Enter, or press ? or * to list all spells.
You feel a surge of power!
The fire begins to smoulder! ๐Ÿ˜ฑ MP[-3]
You lost 3 mp, and now have 14/18 mp.
Casting: Conjure Flame (dangerous; 13% risk of failure)
Confirm with . or Enter, or press ? or * to list all spells.
You feel a surge of power!
The fire ignites!
You are engulfed in blazing flames.
You resist.
You die...

Skill      XL: |  1  2  3  4  5 |
---------------+----------------+-----
Dodging        | 2 |  2.5
Conjurations   | 2 3 |  3.1
Fighting       | 1 2 |  2.1
Fire Magic     | 4 |  4.2
Stealth        | |  1.7
Spellcasting   | |  2.7

Action                   |  1- 3 |  4- 6 || total
-------------------------+-------+-------++-------
Melee: Unarmed           |    64 |    88 ||   152
       Tailslap          |    13 |    13 ||    26
       Club              |    13 |    49 ||    62
 Cast: Foxfire           |    38 |    36 ||    74
       Conjure Flame     |       |     4 ||     4
Armor: Skin              |    26 |    69 ||    95
Dodge: Dodged            |    63 |   131 ||   194

Levels and vault maps discovered:
D:1:      minmay_arrival_wavy_path, layout_basic, due_unseen_surprise
D:2:      layout_basic, uniq_jessica
D:3:      layout_rooms, basic_ecumenical_altar, hangedman_decor_points,
          kennysheep_orc_chapel
D:4:      layout_gridville, serial_glass, glass_columns_b, glass_columns_c,
          minmay_crystal_water, nicolae_stop_n_shop_1

Notes
Turn   | Place    | Note
-------+----------+-------------------------------------------
     0 | D:1      | Faeu the Draconian Fire Elementalist began the quest for
                  | the Orb.
     0 | D:1      | Reached XP level 1. HP: 14/14 MP: 3/3
     0 | D:1      | magus.rc [v1.9.6]
   110 | D:1      | HP: 3/14 [jackal (2)]
   115 | D:1      | Reached skill level 2 in Dodging
   425 | D:1      | Reached XP level 2. HP: 20/20 MP: 3/5
  1482 | D:2      | Reached XP level 3. HP: 26/26 MP: 2/6
  1634 | D:2      | Noticed Jessica
  1645 | D:2      | Killed Jessica
  1646 | D:2      | Reached skill level 2 in Conjurations
  1867 | D:3      | Found a faded altar of an unknown god.
  1888 | D:3      | Reached XP level 4. HP: 33/33 MP: 4/7
  2999 | D:3      | Reached skill level 1 in Fighting
  3213 | D:3      | HP: 5/35 [orc priest/nerve-wracking pain (14)]
  3215 | D:3      | Reached XP level 5. HP: 6/40 MP: 3/9
  3235 | D:4      | Reached skill level 4 in Fire Magic
  3406 | D:4      | Reached skill level 2 in Fighting
  3406 | D:4      | Reached skill level 3 in Conjurations
  3412 | D:4      | Learned a level 3 spell: Conjure Flame
  3938 | D:4      | Noticed an ogre
  3940 | D:4      | Found Finiumari's Jewellery Emporium.
  3963 | D:4      | HP: 8/41 [ogre (23)]
  3965 | D:4      | Engulfed by a cloud of flame

Vanquished Creatures
  A hound (D:4)
  An orc priest (D:3)
  Jessica (D:2)
  An iguana (D:4)
  3 adders
  A white imp (D:3)
  An adder skeleton (D:4)
  A worm (D:2)
  3 dart slugs
  5 orcs
  A ball python (D:3)
  4 endoplasms
  6 giant cockroaches
  7 goblins
  3 hobgoblins
  8 jackals
  3 quokkas
  A bat (D:1)
  3 frilled lizards
  4 kobolds
  5 rats
63 creatures vanquished.

Vanquished Creatures (others)
  116 foxfires
116 creatures vanquished.

Grand Total: 179 creatures vanquished

Table legend:
 A = Non-vault XP
 B = Vault XP
 C = Vault XP percentage of total XP
 D = Non-vault monster count
 E = Vault monster count
 F = Vault count percentage of total count
                 A         B        C        D         E       F
            +---------+---------+-------+---------+---------+-------
      Total |     241 |      81 |  25.2 |      60 |       3 |   4.8
            +---------+---------+-------+---------+---------+-------
        D:1 |      29 |       0 |   0.0 |      17 |       0 |   0.0
        D:2 |      37 |      37 |  50.0 |      16 |       1 |   5.9
        D:3 |      66 |      44 |  40.0 |      18 |       2 |  10.0
        D:4 |     109 |       0 |   0.0 |       9 |       0 |   0.0
            +---------+---------+-------+---------+---------+-------

Illustrated notes

Table legend:
 A = Kills in this place as a percentage of kills in entire the game.
 B = Kills by you in this place as a percentage of kills by you in the entire game.
 C = Kills by friends in this place as a percentage of kills by friends in the entire game.
 D = Other kills in this place as a percentage of other kills in the entire game.
 E = Experience gained in this place as a percentage of experience gained in the entire game.
 F = Experience gained in this place divided by the number of levels of this place that you have seen.
                   A       B       C       D       E      F
               +-------+-------+-------+-------+-------+----------------------
         Total | 100.0 | 100.0 |   N/A |   N/A | 100.0 |  80.5
       Dungeon | 100.0 | 100.0 |   N/A |   N/A | 100.0 |  80.5
               +-------+-------+-------+-------+-------+----------------------

Table legend: (Time is in decaauts)
 A = Elapsed time spent in this place.
 B = Non-inter-level travel time spent in this place.
 C = Inter-level travel time spent in this place.
 D = Time resting spent in this place.
 E = Time spent auto-exploring this place.
 F = Levels seen in this place.
 G = Mean time per level.
                   A        B        C        D        E       F      G
               +--------+--------+--------+--------+--------+-----+--------+
         Total |   3986 |   3946 |     40 |   1294 |   1053 |   4 |  996.5 |
       Dungeon |   3986 |   3946 |     40 |   1294 |   1053 |   4 |  996.5 |
               +--------+--------+--------+--------+--------+-----+--------+

Top non-repeatable levels by time:
     D:1: 1229 daAuts
     D:2: 1036 daAuts
     D:3: 969 daAuts
     D:4: 750 daAuts
